 Dungeon Crawl Stone Soup version 0.21.1-1-g345015f (webtiles) character file.

2 shakethe the Sneak (level 1, 0/9 HPs)
             Began as a Spriggan Enchanter on Feb 13, 2018.
             Slain by a kobold
             ... wielding a +0 whip
              (5 damage)
             ... on level 1 of the Dungeon.
             The game lasted 00:01:50 (254 turns).

shakethe the Sneak (Spriggan Enchanter)              Turns: 254, Time: 00:01:50

Health: 0/9        AC:  2    Str:  4    XL:     1   Next: 33%
Magic:  5/5        EV: 18    Int: 16    God:
Gold:   0          SH:  0    Dex: 16    Spells: 4/5 levels left

rFire    . . .     SeeInvis +   a - +1 dagger
rCold    . . .     Gourm    .   (shield restricted)
rNeg     . . .     Faith    .   b - +0 robe
rPois    .         Spirit   .   (helmet restricted)
rElec    .         Reflect  .   (no cloak)
rCorr    .         Harm     .   (gloves unavailable)
MR       .....                  (boots unavailable)
Stlth    +++.......             (no amulet)
HPRegen  0.03/turn              (no ring)
MPRegen  0.09/turn              (no ring)

@: very quick
A: very small, unfitting armour, see invisible, herbivore, speed 3, slow
metabolism 2
a: no special abilities


You were on level 1 of the Dungeon.
You were not hungry.

You visited 1 branch of the dungeon, and saw 1 of its levels.

Inventory:

Hand Weapons
 a - a +1 dagger (weapon)
Armour
 b - a +0 robe (worn)
Potions
 e - a potion of degeneration {unknown}
 f - a potion of haste {unknown}
Books
 c - a book of Maledictions
Comestibles
 d - 3 rations


   Skills:
 + Level 1.1 Short Blades
 - Level 3.0 Dodging
 + Level 4.5 Stealth
 * Level 2.7 Spellcasting
 + Level 3.8 Hexes


You had 4 spell levels left.
You knew the following spells:

 Your Spells              Type           Power        Failure   Level  Hunger
v - Corona                Hex            ##.....      4%          1    #......


Dungeon Overview and Level Annotations

Branches:
Dungeon (1/15)

Altars:


Innate Abilities, Weirdness & Mutations

You are very small and have problems with some larger weapons.
You are too small for most types of armour.
You have supernaturally acute eyesight. (SInv)
You are a herbivore.
You cover ground extremely quickly.
You need consume almost no food.


Message History

Welcome, shakethe the Spriggan Enchanter.
It is said that the Orb of Zot exists deep within this dungeon.
Found a ration and a scroll labeled JUSETSA ENYR.
Found an escape hatch in the floor.
Found a staircase leading out of the dungeon.
d - 2 rations (gained 1)
e - an orange potion A bat comes into view.
A rat comes into view.
A kobold comes into view.
You see here a hunting sling.
The bat hits you but does no damage.
You miss the bat. The bat misses you. The bat closely misses you.
You hit the bat but do no damage. The bat hits you but does no damage.
You hit the bat. The bat misses you.
You closely miss the bat. The bat misses you. The bat misses you.
You hit the rat. The bat closely misses you. The rat completely misses you.
You hit the bat but do no damage. The bat barely misses you.
The rat bites you but does no damage.
You hit the rat.
You kill the rat!
The bat closely misses you.
You miss the bat. The bat closely misses you.
The bat hits you but does no damage. The bat hits you but does no damage.
The bat closely misses you. The bat hits you but does no damage.
You closely miss the bat. The bat completely misses you.
You closely miss the bat. The bat closely misses you.
The bat hits you but does no damage.
You hit the bat.
You kill the bat!
You see here a hunting sling.
The kobold shouts!
You closely miss the kobold. The kobold closely misses you.
You hit the kobold. The kobold hits you but does no damage.
You completely miss the kobold. The kobold misses you.
You closely miss the kobold. The kobold misses you.
You hit the kobold.
You kill the kobold!
You see here a kobold corpse.
f - a sedimented brown potion A kobold comes into view.
It is wielding a whip.
You see here a ration.
You see here a ration.
You see here a ration.
d - 3 rations (gained 1)
The kobold shouts!
The kobold throws a stone.
The stone misses you.
You barely miss the kobold. You hit the kobold but do no damage.
The kobold closely misses you.
You closely miss the kobold. The kobold hits you with a whip.
Ouch! That really hurt!
You take 5 damage, and have 4/9 hp.
MASSIVE DAMAGE!!
The kobold throws a stone.
The stone misses you.
You see here a leather armour.
The kobold shouts!
You hit the kobold. The kobold barely misses you.
You hit the kobold but do no damage. The kobold hits you with a whip.
Ouch! That really hurt!
You die...

#. #.#(.#?# #. #.#..#.#
#.# #.#..#.#####
#####..##.#..(.....##.
......................
..........##.#.##..##
##########.####....#
.<..######.####....#..#
.....#..........@.....#
.....#.......[.#.K.#.##
.....#.........#..$#+#
≈≈≈..#.........#.....
≈≈≈≈.#........(#.......
≈?≈≈.######..###.......#
§>≈≈.# ##.###.......#
§§≈≈.# #..##.......#
≈§≈≈.# ##.#


You could see a kobold.

Vanquished Creatures
  A kobold (D:1)
  A bat (D:1)
  A rat (D:1)
3 creatures vanquished.

Notes
Turn   | Place    | Note
-------+----------+-------------------------------------------
     0 | D:1      | shakethe the Spriggan Enchanter began the quest for the Orb.
     0 | D:1      | Reached XP level 1. HP: 9/9 MP: 5/5
   254 | D:1      | Slain by a kobold

Action                   || total
-------------------------++-------
Melee: Dagger            ||    21
Armor: Robe              ||     8
Dodge: Dodged            ||    20

Vault maps used:
D:1:      lemuel_arrival_lava_pool

Table legend:
 A = Turns spent in this place as a percentage of turns spent in the entire game.
 B = Non-inter-level travel turns spent in this place as a percentage of non-inter-level travel turns spent in the entire game.
 C = Inter-level travel turns spent in this place as a percentage of turns spent in this place.
 D = Turns resting spent in this place as a percentage of non-inter-level travel turns spent in this place.
 E = Turns spent auto-exploring this place as a percentage of non-inter-level travel turns spent in this place.
 F = Non-inter-level travel turns spent in this place divided by the number of levels of this place that you've seen.
                   A       B       C       D       E      F
               +-------+-------+-------+-------+-------+----------------------
         Total | 100.0 | 100.0 |   0.0 |   0.0 |   0.0 | 254.0
       Dungeon | 100.0 | 100.0 |   0.0 |   0.0 |   0.0 | 254.0
               +-------+-------+-------+-------+-------+----------------------

Table legend:
 A = Kills in this place as a percentage of kills in entire the game.
 B = Kills by you in this place as a percentage of kills by you in the entire game.
 C = Kills by friends in this place as a percentage of kills by friends in the entire game.
 D = Other kills in this place as a percentage of other kills in the entire game.
 E = Experience gained in this place as a percentage of experience gained in the entire game.
 F = Experience gained in this place divided by the number of levels of this place that you have seen.
                   A       B       C       D       E      F
               +-------+-------+-------+-------+-------+----------------------
         Total | 100.0 | 100.0 |   N/A |   N/A | 100.0 |   4.0
       Dungeon | 100.0 | 100.0 |   N/A |   N/A | 100.0 |   4.0
               +-------+-------+-------+-------+-------+----------------------
